 Dungeon Crawl Stone Soup version 0.29-a0-369-gd956c00756 (webtiles) character file.

Game seed: 12457816621656931753

3600 quokkamancerX the Fighter (level 10, -7/172 HPs)
             Began as an Ogre Berserker on May 2, 2022.
             Was a Priest of Trog.
             Mangled by an orc warlord
             ... wielding a +0 war axe
              (17 damage)
             ... in a bailey.
             The game lasted 00:38:31 (8262 turns).

quokkamancerX the Fighter (Ogre Berserker)          Turns: 8262, Time: 00:38:32

Health: -7/172     AC: 12    Str: 27    XL:     10   Next: 10%
Magic:  10/10      EV:  9    Int:  8    God:    Trog [***...]
Gold:   427        SH:  0    Dex:  8    Spells: 9/9 levels left

rFire   . . .      SeeInvis .   L - +1 flail
rCold   . . .      Faith    .   (no shield)
rNeg    . . .      Spirit   .   O - +0 acid dragon scales
rPois   .          Reflect  .   M - +2 hat
rElec   .          Harm     .   x - +2 cloak
rCorr   +          Rampage  .   (gloves unavailable)
Will    ++...                   (boots unavailable)
Stlth   ..........              u - amulet of regeneration
HPRegen 1.18/turn               j - ring of willpower
MPRegen 0.12/turn               n - ring of resist corrosion

@: mighty, berserking, hasted (expiring), invisible (expiring), very quick
A: large, unfitting armour, tough skin 1
a: Renounce Religion, Berserk, Trog's Hand


You were in a bailey.
You worshipped Trog.
Trog was most pleased with you.
You visited 1 branch of the dungeon, and saw 9 of its levels.
You also visited: Sewer and Bailey.

You collected 427 gold pieces.

Inventory:

Hand Weapons
 C - a +0 giant club
 L - a +1 flail (weapon)
Missiles
 l - 6 javelins (quivered)
 p - a curare-tipped dart
 G - 2 large rocks
 I - 10 poisoned darts
 J - a throwing net
 N - 18 boomerangs
Armour
 x - a +2 cloak (worn)
 M - a +2 hat (worn)
 O - +0 acid dragon scales (worn)
Jewellery
 j - a ring of willpower (left hand)
 m - a ring of ice
 n - a ring of resist corrosion (right hand)
 s - a ring of see invisible
 u - an amulet of regeneration (around neck)
Wands
 a - a wand of iceblast (4)
 B - a wand of charming (17)
 F - a wand of flame (13)
 H - a wand of mindburst (14)
Scrolls
 b - a scroll of amnesia {unknown}
 e - 2 scrolls of enchant weapon
 g - 6 scrolls of teleportation
 h - a scroll of vulnerability
 i - a scroll of magic mapping {unknown}
 t - a scroll of summoning {unknown}
 w - a scroll of brand weapon {unknown}
 y - a scroll of blinking {unknown}
 z - a scroll of immolation {unknown}
 A - a scroll of noise {unknown}
 D - a scroll of fear {unknown}
Potions
 c - 2 potions of might
 f - 3 potions of magic
 k - 4 potions of curing
 o - 3 potions of invisibility
 q - 3 potions of flight
 r - 5 potions of mutation
 E - 2 potions of lignification
 K - 2 potions of degeneration {unknown}
 P - a potion of heal wounds {unknown}


   Skills:
 - Level 12.0 Fighting
 - Level 10.0 Maces & Flails
 + Level 2.7 Throwing
 + Level 2.1 Armour
 - Level 2.6 Dodging


You had 9 spell levels left.
You didn't know any spells.
Your spell library was empty.

Dungeon Overview and Level Annotations

Branches:
Dungeon (9/15)             Temple (0/1) D:4           Sewer (visited)
 Bailey (1/1)
   Lair: D:8-11         Orc: D:9-12

Altars:
Ashenzari
Okawaru

Shops:
D:4 (   D:9 :


Innate Abilities, Weirdness & Mutations

You are too large for most types of armour.
You have tough skin. (AC +1)


Message History

There is an open door here.
As you read the scroll of fog, it crumbles to dust.
The scroll dissolves into smoke.
The orc warlord hits you with a +0 war axe!!
* * * LOW HITPOINT WARNING * * *
You feel yourself speed up.
There is an open door here.
You recover from your berserk rage.
Okay, then.
You flicker for a moment.
A red film seems to cover your vision as you go berserk!
You feel yourself moving faster!
You feel mighty!
You hit the orc warlord.
The orc warlord is heavily wounded.
You hit the orc warlord but do no damage.
The orc warlord is heavily wounded.
The orc warlord hits you but does no damage.
You completely miss the orc warlord.
The orc warlord is heavily wounded.
The orc warlord barely misses you.
You bludgeon the orc warlord!!
The orc warlord is severely wounded.
You closely miss the orc warlord.
The orc warlord is severely wounded.
The orc warlord hits you with a +0 war axe!
* * * LOW HITPOINT WARNING * * *
Unknown command.
You catch the helpless orc warlord completely off-guard!
You thump the orc warlord!
The orc warlord is severely wounded.
Your extra speed is starting to run out.
You barely miss the orc warlord.
The orc warlord is severely wounded.
The orc warlord hits you with a +0 war axe!
* * * LOW HITPOINT WARNING * * *
You catch the helpless orc warlord completely off-guard!
You bludgeon the orc warlord!!
The orc warlord is almost dead.
The orc warlord hits you with a +0 war axe!
You die...

.....§§§§§.§'....8..8..#≈≈♣
.....§#########........#≈≈♣
...#### ≈≈#≈≈≈##......##≈≈♣
...#≈≈#≈.....=≈#.....##...♣
...#≈........?≈#....##....♣
..##≈8.8...8.8##....#.....♣♣
..'≈≈.........#....)'....).♣
..'≈≈....∩....#.o...'...∩)∩♣
..'≈≈.........#.@...'....).♣
..##≈8.8...8.8##....#.....♣♣
...#≈........?≈#....##....♣
...#≈≈#≈.....:≈#.....##...♣
...####≈≈≈#≈≈≈##......##≈≈♣
......#########........#≈≈♣
......'....)'....8..8..#≈≈♣
......#≈≈≈≈)#..........#≈≈♣
..8...#≈≈≈≈≈#.........##≈≈♣


You could see an orc warlord (can't see you).

Vanquished Creatures
  A hornet (D:9)
  A wraith (D:9)
  A wyvern (D:7)
  4 yaks
  An acid dragon (D:8)
  3 water moccasins
  5 orc warriors (Bailey)
  An ice beast (D:6)
  An ogre (D:4)
  3 phantoms
  2 kobold brigands (D:8)
  Blork the orc (D:5)
  A bullfrog (D:7)
  4 wights (D:8)
  4 howler monkeys
  2 hounds (D:5)
  2 gnoll shamans (D:6)
  4 orc priests
  An orc wizard (D:8)
  An iguana (D:6)
  9 gnolls
  5 adders
  A shadow imp (D:7)
  2 white imps
  2 ufetubi
  2 worms
  2 dart slugs
  14 orcs
  3 bats
  9 endoplasms
  3 giant cockroaches
  11 goblins
  14 hobgoblins
  13 jackals
  9 quokkas
  8 ball pythons
  2 frilled lizards
  21 kobolds
  8 rats
181 creatures vanquished.

Notes
Turn   | Place    | Note
-------+----------+-------------------------------------------
     0 | D:1      | quokkamancerX the Ogre Berserker began the quest for the
                  | Orb.
     0 | D:1      | Reached XP level 1. HP: 24/24 MP: 1/1
   238 | D:1      | Reached XP level 2. HP: 32/33 MP: 2/2
   280 | D:1      | Found a faded altar of an unknown god.
   735 | D:1      | Reached ** piety under Trog
   740 | D:1      | Reached XP level 3. HP: 41/41 MP: 3/3
   981 | D:1      | Reached skill level 5 in Fighting
  1524 | D:2      | Reached XP level 4. HP: 50/50 MP: 4/4
  2387 | D:2      | Found a broken altar of Ashenzari.
  2476 | D:3      | Reached skill level 6 in Fighting
  2476 | D:3      | Reached XP level 5. HP: 59/59 MP: 5/5
  2902 | D:3      | Found a glowing drain.
  2912 | Sewer    | Entered a sewer
  3003 | Sewer    | Noticed a water moccasin
  3011 | Sewer    | Killed a water moccasin
  3012 | Sewer    | Reached XP level 6. HP: 68/68 MP: 6/6
  3272 | D:3      | Found an iron altar of Okawaru.
  3678 | D:4      | Reached skill level 7 in Fighting
  3699 | D:4      | Found a staircase to the Ecumenical Temple.
  3833 | D:4      | Found Jorifil's Weapon Emporium.
  3870 | D:4      | Reached skill level 5 in Maces & Flails
  4248 | D:5      | Entered Level 5 of the Dungeon
  4275 | D:5      | Noticed Blork the orc
  4292 | D:5      | Killed Blork the orc
  4293 | D:5      | Reached XP level 7. HP: 79/79 MP: 7/7
  4553 | D:5      | Reached skill level 8 in Fighting
  5460 | D:6      | Reached skill level 9 in Fighting
  5460 | D:6      | Reached XP level 8. HP: 92/92 MP: 8/8
  5729 | D:6      | Reached skill level 10 in Fighting
  6077 | D:7      | Noticed a wyvern
  6086 | D:7      | Killed a wyvern
  6521 | D:8      | Noticed a yak
  6522 | D:8      | Noticed a yak
  6523 | D:8      | Noticed a yak
  6523 | D:8      | Noticed a yak
  6536 | D:7      | Killed a yak
  6537 | D:7      | Reached *** piety under Trog
  6609 | D:8      | Reached skill level 11 in Fighting
  6609 | D:8      | Reached XP level 9. HP: 105/105 MP: 9/9
  7311 | D:8      | Reached skill level 12 in Fighting
  7506 | D:9      | Noticed a hornet
  7513 | D:9      | Paralysed by a hornet for 3 turns
  7525 | D:9      | Killed a hornet
  7634 | D:9      | Found Mamepur's Book Emporium.
  7702 | D:9      | Found a flagged portal.
  7715 | Bailey   | Entered a bailey
  7789 | Bailey   | Noticed an orc warlord
  7813 | Bailey   | Reached skill level 10 in Maces & Flails
  7813 | Bailey   | Reached skill level 1 in Throwing
  7845 | Bailey   | Reached skill level 1 in Armour
  7845 | Bailey   | Reached XP level 10. HP: 67/115 MP: 10/10
  7999 | Bailey   | Found a runed translucent gate.
  8000 | Bailey   | Found a runed translucent gate.
  8001 | Bailey   | Found a runed translucent gate.
  8235 | Bailey   | HP: 5/115 [orc warlord/+0 war axe (22)]
  8262 | Bailey   | Mangled by an orc warlord

Illustrated notes

Levels and vault maps discovered:
D:1:      minmay_arrival_shoal_huts, layout_loops_ring,
          dreamdust_ecumenical_altar_statues, hangedman_feature_mirror
D:2:      layout_basic, basic_altar
D:3:      layout_rooms, mainiacjoe_overflow_six_doors_small,
          portal_sewer_entry_f, nicolae_concentric_dashed_squares_mild,
          amcnicky_mini_pool_small
D:4:      layout_rooms, temple_fountains, serial_shops, nicolae_take_the_stairs
D:5:      layout_basic, hangedman_abyss_or_decor_jellyfish_corner,
          uniq_blork_the_orc
D:6:      layout_rooms, hex_tiny, hangedman_decor_push
D:7:      layout_rooms
D:8:      layout_basic, nicolae_elevator_lobby_asterisk
D:9:      layout_basic, enter_bailey_2, serial_aquarium, aquarium_bridge_square
          [aquarium_subvault_balcony, aquarium_subvault_bridge,
          aquarium_subvault_balcony, aquarium_subvault_window],
          aquarium_window_1, aquarium_window_corner, aquarium_view_2a,
          aquarium_view_2d, aquarium_balcony_double_4, aquarium_pool_2,
          serial_shops, shop, shop, nicolae_shop_stone, dk_noncrumbling_4,
          introduction_to_nature_1, uniq_grum
Bailey:   bailey_axe_bossmonster_kennysheep, bailey

Skill      XL: |  1  2  3  4  5  6  7  8  9 10 |
---------------+-------------------------------+-----
Maces & Flails | 3 4 5 6 7 10 | 10.0
Fighting       | 5 6 7 9 11 12 | 12.0
Throwing       | 1 2 |  2.7
Armour         | 1 2 |  2.1
Dodging        | |  2.6

Action                   |  1- 3 |  4- 6 |  7- 9 | 10-12 || total
-------------------------+-------+-------+-------+-------++-------
Melee: Mace              |   108 |   144 |    64 |       ||   316
       Punch             |       |     1 |     2 |       ||     3
       Flail             |       |       |   216 |    53 ||   269
Throw: Dart              |     3 |    40 |    31 |       ||    74
       Javelin           |       |     9 |    16 |     4 ||    29
       Large rock        |       |       |     8 |       ||     8
Invok: Berserk           |     3 |     5 |    11 |     3 ||    22
  Use: Potion            |       |     1 |     1 |     3 ||     5
       Scroll            |       |     7 |     8 |     1 ||    16
 Stab: Sleeping          |       |     1 |       |       ||     1
       Invisible         |       |       |       |     2 ||     2
Armor: Animal skin       |    39 |    39 |       |       ||    78
       Robe              |       |       |    59 |       ||    59
       Acid dragon scale |       |       |    58 |    18 ||    76
Dodge: Dodged            |    59 |   101 |   131 |    20 ||   311

Table legend: (Time is in decaauts)
 A = Elapsed time spent in this place.
 B = Non-inter-level travel time spent in this place.
 C = Inter-level travel time spent in this place.
 D = Time resting spent in this place.
 E = Time spent auto-exploring this place.
 F = Levels seen in this place.
 G = Mean time per level.
                   A        B        C        D        E       F      G
               +--------+--------+--------+--------+--------+-----+--------+
         Total |   8586 |   8238 |    348 |   1751 |   3929 |  11 |  780.5 |
       Dungeon |   7755 |   7407 |    348 |   1516 |   3848 |   9 |  861.7 |
         Sewer |    260 |    260 |      0 |    103 |     80 |   1 |  260.0 |
        Bailey |    570 |    570 |      0 |    132 |      0 |   1 |  570.0 |
               +--------+--------+--------+--------+--------+-----+--------+

Top non-repeatable levels by time:
     D:2: 1496 daAuts
     D:1: 1397 daAuts
     D:5: 1018 daAuts
     D:8: 939 daAuts
     D:6: 697 daAuts
     D:7: 685 daAuts
     D:4: 651 daAuts
     D:3: 649 daAuts
  Bailey: 570 daAuts
   Sewer: 260 daAuts
     D:9: 218 daAuts
